 Dungeon Crawl Stone Soup version 0.27.1-34-g3ba077fa99 (webtiles) character file.

Game seed: 7960347945712581262

823 sankara the Ruffian (level 7, -1/52 HPs)
             Began as a Minotaur Transmuter on Jan 18, 2022.
             Succumbed to a scorpion's poison
             ... on level 6 of the Dungeon.
             The game lasted 00:11:49 (6747 turns).

sankara the Ruffian (Minotaur Transmuter)           Turns: 6747, Time: 00:11:49

Health: -1/52      AC:  3    Str: 15    XL:     7   Next: 63%
Magic:  3/8        EV: 12    Int: 12    God:
Gold:   240        SH:  0    Dex: 10    Spells: 3/9 levels left

rFire    . . .     SeeInvis .     - Unarmed
rCold    . . .     Faith    .   (no shield)
rNeg     . . .     Spirit   .   a - +0 robe
rPois    .         Reflect  .   (helmet restricted)
rElec    .         Harm     .   w - scarf {+Inv}
rCorr    .         Rampage  .   (no gloves)
Will     .....                  s - +0 pair of boots
Stlth    +.........             (no amulet)
HPRegen  0.17/turn              (no ring)
MPRegen  0.11/turn              (no ring)

@: brilliant, lethally poisoned (-1 -> -17), attractive, flying, very slightly
contaminated
A: horns 2, retaliatory headbutt
a: Evoke Invisibility


You were on level 6 of the Dungeon.
You visited 1 branch of the dungeon, and saw 6 of its levels.

You collected 240 gold pieces.

Inventory:

Hand Weapons
 k - a +0 hunting sling
Missiles
 b - 195 stones (quivered)
 d - 7 boomerangs of dispersal
 h - 5 sling bullets
 i - 120 arrows
 j - 36 bolts
 t - 7 poisoned darts
Armour
 a - a +0 robe (worn)
 s - a +0 pair of boots (worn)
 w - a scarf of invisibility (worn)
Scrolls
 f - 6 scrolls of identify {unknown}
 l - a scroll of immolation {unknown}
 m - a scroll of magic mapping {unknown}
 o - 2 scrolls of teleportation {unknown}
 v - 2 scrolls of enchant weapon {unknown}
Potions
 c - a potion of attraction
 e - a potion of flight
 g - 2 potions of haste {unknown}
 n - 2 potions of degeneration {unknown}
 p - a potion of lignification {unknown}
 q - 2 potions of resistance {unknown}
 r - 2 potions of heal wounds {unknown}
 u - a potion of curing {unknown}
 x - 3 potions of brilliance


   Skills:
 + Level 1.5 Fighting
 - Level 3.0 Throwing
 + Level 2.3 Dodging
 + Level 6.4 Unarmed Combat
 - Level 1.5 Spellcasting
 + Level 4.0 Transmutations
 + Level 2.5 Poison Magic
 + Level 0.6 Evocations


You had 3 spell levels left.
You knew the following spells:

 Your Spells              Type           Power      Damage    Failure   Level
a - Beastly Appendage     Tmut           30%        N/A       5%          1
b - Wereblood             Tmut           15%        N/A       9%          2
c - Spider Form           Tmut/Pois      6%         N/A       22%         3

Your spell library contained the following spells:

 Spells                   Type           Power      Damage    Failure   Level
 Magic Dart               Conj           4%         1d3       28%         1
 Call Imp                 Summ           1%         N/A       41%         2
 Mephitic Cloud           Conj/Pois/Air  4%         N/A       52%         3
 Ozocubu's Armour         Ice            1%         N/A       65%         3
 Ice Form                 Ice/Tmut       8%         N/A       77%         4
 Metabolic Englaciation   Hex/Ice        0%         N/A       100%        5
 Simulacrum               Ice/Necr       0%         N/A       100%        6


Dungeon Overview and Level Annotations

Branches:
Dungeon (6/15)
 Temple: D:4-7

Altars:
Ashenzari
Cheibriados
Fedhas
Gozag
Hepliaklqana
Qazlal
Sif Muna
Trog


Innate Abilities, Weirdness & Mutations

You have a pair of horns on your head.
You reflexively headbutt those who attack you in melee.


Message History

Unknown command.
You bite the scorpion!
The scorpion is severely wounded.
The scorpion stings you.
You are poisoned.
The scorpion poisons you!
You hit the scorpion.
The scorpion is almost dead.
You feel very sick. The scorpion stings you!
You barely miss the scorpion.
The scorpion is almost dead.
You feel very sick. The scorpion stings you!
You are lethally poisoned!
The scorpion poisons you!
You are too injured to fight recklessly!
You hit the scorpion.
The scorpion is poisoned.
The scorpion is almost dead.
Your transformation is almost over.
You feel extremely sick.
You kill the scorpion!
Your transformation has ended.
Your scarf of invisibility unmelds from your body.
Your +0 pair of boots unmelds from your body.
Your +0 robe unmelds from your body.
You become transparent for a moment.
* * * LOW HITPOINT WARNING * * *
You feel extremely sick.
It was a potion of attraction.
You feel attractive to monsters.
* * * LOW HITPOINT WARNING * * *
You feel very sick.
It was a potion of brilliance.
You feel clever all of a sudden.
* * * LOW HITPOINT WARNING * * *
You feel very sick.
It was a potion of flight.
You feel very buoyant.
You fly up into the air.
You die...

# # ##.# #=
....#
.####.###...##
.......†.$...##
#@.......
...............
.######........
#......#.
#.#...##
#.##### #.# #$#


There were no monsters in sight!

Vanquished Creatures
  A wyvern (D:4)
  A black bear (D:4)
  A necrophage (D:4)
  A scorpion (D:6)
  3 hounds (D:4)
  Jessica (D:2)
  Natasha (thrice) (D:3)
  An iguana (D:5)
  A hound skeleton (D:5)
  7 adders
  3 gnolls (D:2)
  A dart slug (D:1)
  16 orcs
  7 ball pythons
  6 endoplasms
  6 giant cockroaches
  9 goblins
  8 hobgoblins
  4 jackals (D:3)
  13 kobolds
  5 quokkas
  7 bats
  2 frilled lizards
  5 rats
112 creatures vanquished.

Notes
Turn   | Place    | Note
-------+----------+-------------------------------------------
     0 | D:1      | sankara the Minotaur Transmuter began the quest for the
                  | Orb.
     0 | D:1      | Reached XP level 1. HP: 16/16 MP: 1/1
   310 | D:1      | Reached XP level 2. HP: 14/23 MP: 0/3
   432 | D:1      | Learned a level 2 spell: Wereblood
   725 | D:1      | Reached skill level 4 in Unarmed Combat
   929 | D:1      | Reached XP level 3. HP: 28/28 MP: 2/4
  1719 | D:2      | Reached skill level 1 in Throwing
  2289 | D:2      | Found a broken altar of Ashenzari.
  2321 | D:2      | Noticed Jessica
  2323 | D:2      | Killed Jessica
  2324 | D:2      | Reached XP level 4. HP: 35/35 MP: 3/5
  2471 | D:2      | Reached skill level 5 in Unarmed Combat
  2799 | D:2      | Learned a level 3 spell: Spider Form
  2945 | D:3      | Found a blossoming altar of Fedhas.
  3008 | D:3      | Reached XP level 5. HP: 40/40 MP: 3/6
  3032 | D:3      | Noticed Natasha
  3038 | D:3      | Killed Natasha
  3189 | D:3      | Noticed Natasha
  3434 | D:3      | Killed Natasha
  3507 | D:3      | Found a faded altar of an unknown god.
  3507 | D:3      | Noticed a hell beast
  3518 | D:3      | Noticed Natasha
  3529 | D:3      | Killed Natasha
  3834 | D:3      | Reached skill level 1 in Poison Magic
  4603 | D:3      | Reached XP level 6. HP: 47/47 MP: 4/7
  4660 | D:3      | Found a bloodstained altar of Trog.
  4660 | D:3      | Found a faded altar of an unknown god.
  4668 | D:3      | Found a snail-covered altar of Cheibriados.
  4670 | D:3      | Found a hazy altar of Hepliaklqana.
  4671 | D:3      | Found a broken altar of Ashenzari.
  4791 | D:4      | Found an opulent altar of Gozag.
  4793 | D:4      | Found a shimmering blue altar of Sif Muna.
  5313 | D:4      | Reached XP level 7. HP: 47/52 MP: 4/8
  5659 | D:4      | Noticed a wyvern
  5667 | D:4      | Killed a wyvern
  5668 | D:4      | Reached skill level 6 in Unarmed Combat
  5896 | D:5      | Entered Level 5 of the Dungeon
  6277 | D:5      | Found a stormy altar of Qazlal.
  6747 | D:6      | Succumbed to a scorpion's poison

Illustrated notes

Levels and vault maps discovered:
D:1:      eino_arrival_tree_alley, layout_loops_ring, serial_aquarium,
          aquarium_bridge_long_separate [aquarium_subvault_window,
          aquarium_subvault_bridge, aquarium_subvault_bridge,
          aquarium_subvault_bridge, aquarium_subvault_balcony,
          aquarium_subvault_bridge], aquarium_window_corridor_3,
          aquarium_window_corner, aquarium_window_fake, aquarium_view_2e,
          aquarium_balcony_5a, aquarium_pool_corner, st_stairs_2
D:2:      layout_basic, basic_altar, uniq_jessica
D:3:      layout_basic, fedhas_altar_4, chequers_temple_overflow_minitemple,
          dreamdust_ecumenical_altar_sealed_demon, st_stairs_5, uniq_natasha
D:4:      layout_basic, chequers_temple_overflow_statue_of_worship,
          serial_rivers, chequers_serial_rivers_marsh,
          chequers_serial_rivers_micro_b, chequers_serial_rivers_small_3,
          chequers_serial_rivers_large_a
D:5:      layout_basic, overflow_temple_1_default
D:6:      layout_loops_ring, uniq_duvessa, uniq_grinder

Skill      XL: |  1  2  3  4  5  6  7 |
---------------+----------------------+-----
Unarmed Combat | 4 5 6 |  6.4
Transmutations | 2 3 4 |  4.0
Throwing       | 1 2 3 |  3.0
Poison Magic   | 1 2 |  2.5
Fighting       | |  1.5
Dodging        | |  2.3
Spellcasting   | |  1.5
Evocations     | |  0.6

Action                   |  1- 3 |  4- 6 |  7- 9 || total
-------------------------+-------+-------+-------++-------
Melee: Unarmed           |   105 |   135 |    41 ||   281
       Kick              |    21 |     4 |       ||    25
       Headbutt          |     7 |     3 |     1 ||    11
       Punch             |     1 |     1 |       ||     2
 Cast: Beastly Appendage |    31 |     6 |     1 ||    38
       Spider Form       |       |    20 |     9 ||    29
 Abil: End Transformatio |       |       |     1 ||     1
  Use: Potion            |       |       |     3 ||     3
 Stab: Sleeping          |       |       |     1 ||     1
Armor: Robe              |    21 |     8 |       ||    29
       Skin              |       |    11 |     2 ||    13
Dodge: Dodged            |    74 |   100 |    30 ||   204
